 Dungeon Crawl Stone Soup version 0.31-a0-7-g51783674b7 (webtiles) character file.

Game seed: 1040219955639134198

980 Dittersdorf the Covered (level 8, -1/51 HPs)
             Began as a Gargoyle Fighter on May 5, 2023.
             Slain by an orc
             ... wielding a +2 vampiric trident
              (8 damage)
             ... on level 5 of the Dungeon.
             The game lasted 00:06:15 (4650 turns).

Dittersdorf the Covered (Gargoyle Fighter)          Turns: 4650, Time: 00:06:16

Health: -1/51      AC: 18    Str: 22    XL:     8   Next: 17%
Magic:  8/8        EV:  8    Int:  9    God:
Gold:   234        SH:  5    Dex:  9    Spells: 7/7 levels left

rFire   . . .        a - +1 flail
rCold   . . .        c - +0 buckler
rNeg    + . .        o - +0 chain mail
rPois   ∞            (no helmet)
rElec   +            (no cloak)
rCorr   .            (no gloves)
SInv    .            q - +1 pair of boots
Will    +....        (no amulet) Stlth
                     f - +4 ring of slaying
HPRegen 0.28/turn    i - ring of willpower
MPRegen 0.11/turn

%: no passive effects
@: no status effects
A: sickness immunity, AC +5, negative energy resistance 1, electricity
resistance, torment resistance 1, petrification resistance
a: no special abilities


You were on level 5 of the Dungeon.
You visited 1 branch of the dungeon, and saw 5 of its levels.
You also visited: Sewer.

You collected 234 gold pieces.

Inventory:

Hand Weapons
 a - a +1 flail (weapon)
Missiles
 p - 6 poisoned darts (quivered)
Armour
 c - a +0 buckler (worn)
 o - a +0 chain mail (worn)
 q - a +1 pair of boots (worn)
Jewellery
 f - a +4 ring of slaying (left hand)
 i - a ring of willpower (right hand)
 s - a ring of ice
Wands
 t - a wand of flame (8)
Scrolls
 k - a scroll of magic mapping
 l - 2 scrolls of enchant weapon
 n - a scroll of enchant armour
 r - 2 scrolls of identify
Potions
 b - a potion of invisibility
 d - a potion of might
 e - a potion of curing
 g - a potion of cancellation
 h - 3 potions of heal wounds
 j - 4 potions of brilliance
 m - a potion of ambrosia


   Skills:
 + Level 6.0 Fighting
 + Level 4.9 Maces & Flails
 + Level 6.0 Armour
 + Level 6.0 Shields


You had 7 spell levels left.
You didn't know any spells.
Your spell library contained the following spells:

 Spells                   Type           Power      Damage    Failure   Level
 Portal Projectile        Hex/Tloc       0%         N/A       100%        3
 Tukima's Dance           Hex            0%         N/A       100%        3
 Dispel Undead            Necr           0%         3d6       100%        4
 Blade Hands              Tmut           0%         N/A       100%        5
 Death Channel            Necr           0%         N/A       100%        6
 Cigotuvi's Dreadful Rot  Necr/Pois/Air  Unusable   N/A       N/A         2

Dungeon Overview and Level Annotations

Branches:
Dungeon (5/15)              Sewer (visited)
 Temple: D:4-7

Altars:
Ru
Wu Jian

Shops:
D:1 *


Innate Abilities, Weirdness & Mutations

You are immune to sickness and miasma.
Your stone body is resilient. (AC +5)
You are immune to poison.
You resist negative energy. (rN+)
You are resistant to electric shocks. (rElec)
You are resistant to unholy torment.
You are immune to petrification.


Message History

Found a sling.
An orc and 2 orc priests come into view.
The orc is wielding a +2 vampiric trident.
There is an open door here. 2 orc wizards come into view.
The orc wizard shouts! x2
The orc priest hits you with a +0 dagger.
The orc priest closely misses you.
You hit the orc priest.
The orc priest is lightly wounded.
The orc priest calls down the wrath of Beogh upon you.
Pain shoots through your body!
The orc wizard gestures wildly while chanting.
The orc wizard flickers and vanishes!
Deactivating autopickup; reactivate with Ctrl-A.
The orc closely misses you.
The orc priest mumbles some strange prayers to Beogh against you.
Beogh smites you!
You barely miss the orc priest.
The orc priest is lightly wounded.
The orc priest misses you. The orc closely misses you.
The orc priest closely misses you.
You hit the orc priest.
The orc priest is heavily wounded.
The orc priest closely misses you. The orc barely misses you.
The orc priest hits you but does no damage. x2
You hit something.
The orc hits you with a +2 vampiric trident.
The orc priest hits you with a +0 morningstar!
The orc priest hits you but does no damage.
Something hits you but does no damage.
You closely miss the orc priest.
The orc priest is heavily wounded.
The orc wizard hits you but does no damage.
The orc priest invokes the aid of Beogh against you.
Beogh smites you!
* * * LOW HITPOINT WARNING * * *
Something hits you but does no damage.
The orc hits you with a +2 vampiric trident!
You die...

#. #....#
#... #.#####
#....# ##..
#.....#
#....# #..
#.....# #..
#.....# #.#
#...).#####
#.#
#.....'...#
#.#
##....###.#
#.# #.o@o#
#.# #.#
#.{oo# #.#
#.# #....#
#.# #.#
#....# #.#
#.# #....#
#.# #.#
#....# #.#
#.# #....#
#.# #.#
######
#.#########.#
#...........#


You could see 2 orc priests, an orc wizard and an orc.

Vanquished Creatures
  A black bear (D:5)
  An ogre (D:4)
  A centaur (D:5)
  2 phantoms (D:4)
  A scorpion (D:4)
  5 hounds
  A jelly (D:4)
  A sleepcap (D:5)
  Jessica (D:2)
  2 iguanas
  An orc wizard (D:4)
  11 adders
  A gnoll (D:5)
  2 river rats (Sewer)
  An ufetubus (D:3)
  3 worms
  10 orcs
  6 ball pythons
  3 bats
  5 endoplasms
  5 giant cockroaches
  6 hobgoblins
  3 kobolds
  6 quokkas
  4 frilled lizards
  2 goblins
  12 rats
97 creatures vanquished.

Notes
Turn   | Place    | Note
-------+----------+-------------------------------------------
     0 | D:1      | Dittersdorf the Gargoyle Fighter began the quest for the
                  | Orb.
     0 | D:1      | Reached XP level 1. HP: 14/14 MP: 1/1
   167 | D:1      | Found Vowno's General Store.
   557 | D:1      | Reached XP level 2. HP: 15/19 MP: 2/2
   816 | D:2      | Found an ornate altar of the Wu Jian Council.
  1369 | D:2      | Noticed Jessica
  1380 | D:2      | Killed Jessica
  1381 | D:2      | Reached XP level 3. HP: 21/24 MP: 3/3
  1521 | D:3      | Reached XP level 4. HP: 28/29 MP: 4/4
  1557 | D:3      | Found a glowing drain.
  1588 | Sewer    | Entered a sewer
  1770 | Sewer    | Reached XP level 5. HP: 33/33 MP: 5/5
  1930 | D:3      | Identified the +4 trident of Tenacity {heavy, rF- rCorr
                  | Dex+6 SInv}
  2952 | D:4      | Reached XP level 6. HP: 39/39 MP: 6/6
  3217 | D:4      | Reached skill level 5 in Fighting
  3217 | D:4      | Reached skill level 5 in Armour
  3217 | D:4      | Reached skill level 5 in Shields
  3496 | D:4      | Identified the +0 robe of Inference {rElec Int+3}
  3506 | D:4      | Reached XP level 7. HP: 41/44 MP: 7/7
  3922 | D:5      | Entered Level 5 of the Dungeon
  4133 | D:5      | Found a sacrificial altar of Ru.
  4231 | D:5      | Reached XP level 8. HP: 34/51 MP: 8/8
  4650 | D:5      | Slain by an orc

Illustrated notes

Levels and vault maps discovered:
D:1:      elethiomel_arrival_shortcut, layout_basic, serial_shops,
          nicolae_lakefront_shop, serial_curves, eino_curves_04, eino_curves_03,
          minmay_pentomino_z2
D:2:      layout_basic, basic_altar, uniq_jessica
D:3:      layout_basic, portal_sewer_entry_f
D:4:      minmay_diamond_boxcup, layout_loops_corners, corexii_checkpoint_b,
          due_unseen_surprise
D:5:      minmay_recursive_quarters, layout_basic,
          nicolae_ru_sacrificial_ziggurat

Skill      XL: |  1  2  3  4  5  6  7  8 |
---------------+-------------------------+-----
Armour         | 4 5 6 |  6.0
Shields        | 4 5 6 |  6.0
Fighting       | 4 5 6 |  6.0
Maces & Flails | 3 4 |  4.9

Action                     |  1- 3 |  4- 6 |  7- 9 || total
---------------------------+-------+-------+-------++-------
  Melee: Flail             |    67 |   145 |    67 ||   279
    Use: Scroll            |     5 |     8 |     1 ||    14
 Armour: Scale mail        |    29 |    39 |       ||    68
         Chain mail        |       |    50 |    66 ||   116
  Dodge: Dodged            |    33 |    69 |    39 ||   141
  Block: Buckler           |    12 |    24 |    15 ||    51

Table legend: (Time is in decaauts)
 A = Elapsed time spent in this place.
 B = Non-inter-level travel time spent in this place.
 C = Inter-level travel time spent in this place.
 D = Time resting spent in this place.
 E = Time spent auto-exploring this place.
 F = Levels seen in this place.
 G = Mean time per level.
                   A        B        C        D        E       F      G
               +--------+--------+--------+--------+--------+-----+--------+
         Total |   4777 |   4548 |    229 |    136 |   3450 |   6 |  796.2 |
       Dungeon |   4414 |   4185 |    229 |    117 |   3443 |   5 |  882.8 |
         Sewer |    363 |    363 |      0 |     19 |      6 |   1 |  363.0 |
               +--------+--------+--------+--------+--------+-----+--------+

Top non-repeatable levels by time:
     D:4: 1229 daAuts
     D:3: 940 daAuts
     D:2: 837 daAuts
     D:5: 735 daAuts
     D:1: 671 daAuts
   Sewer: 363 daAuts
